 Dungeon Crawl Stone Soup version 0.27-a0-1200-g94dc6ad4cf (webtiles) character file.

Game seed: 12069606030932735515

69 Admiral the Shield-Bearer (level 4, -2/41 HPs)
             Began as a Gnoll Fighter on June 1, 2021.
             Slain by a yak (10 damage)
             ... summoned by the darkness of Dithmenos
             ... on level 2 of the Dungeon.
             The game lasted 00:05:48 (1344 turns).

Admiral the Shield-Bearer (Gnoll Fighter)           Turns: 1344, Time: 00:05:49

Health: -2/41      AC:  9    Str: 17    XL:     4   Next: 20%
Magic:  5/5        EV:  8    Int:  7    God:
Gold:   149        SH: 10    Dex: 11    Spells: 5/5 levels left

rFire    . . .     SeeInvis .   a - +0 long sword
rCold    . . .     Faith    .   c - +0 kite shield
rNeg     . . .     Spirit   .   b - +0 scale mail
rPois    .         Reflect  .   (no helmet)
rElec    .         Harm     .   (no cloak)
rCorr    .         Rampage  .   h - +0 pair of gloves
Will     .....                  (no boots)
Stlth    ..........             (no amulet)
HPRegen  0.13/turn              (no ring)
MPRegen  0.09/turn              (no ring)

@: no status effects
A: fangs 1, strong nose, distributed training
a: no special abilities


You were on level 2 of the Dungeon.
You visited 1 branch of the dungeon, and saw 2 of its levels.

You collected 149 gold pieces.

Inventory:

Hand Weapons
 a - a +0 long sword (weapon)
 f - a +0 club
Missiles
 e - 54 stones
 l - 16 poisoned darts (quivered)
Armour
 b - a +0 scale mail (worn)
 c - a +0 kite shield (worn)
 h - a +0 pair of gloves (worn)
Wands
 m - a wand of acid (10)
Scrolls
 i - a scroll of magic mapping {unknown}
 j - a scroll of fog {unknown}
Potions
 d - a potion of might
 g - a potion of flight {unknown}
 k - a potion of curing {unknown}


   Skills:
 + Level 6.6 Fighting
 + Level 1.0 Short Blades
 + Level 4.6 Long Blades
 + Level 1.0 Axes
 + Level 1.0 Maces & Flails
 + Level 1.0 Polearms
 + Level 1.0 Staves
 + Level 1.0 Slings
 + Level 1.0 Bows
 + Level 1.0 Crossbows
 + Level 1.0 Throwing
 + Level 6.6 Armour
 + Level 1.0 Dodging
 + Level 1.0 Stealth
 + Level 6.6 Shields
 + Level 1.0 Unarmed Combat
 + Level 1.0 Spellcasting
 + Level 0.8 Conjurations
 + Level 0.8 Hexes
 + Level 0.8 Summonings
 + Level 0.8 Necromancy
 + Level 0.8 Translocations
 + Level 0.8 Transmutations
 + Level 0.8 Fire Magic
 + Level 0.8 Ice Magic
 + Level 0.8 Air Magic
 + Level 0.8 Earth Magic
 + Level 0.8 Poison Magic
 + Level 1.1 Invocations
 + Level 1.0 Evocations


You had 5 spell levels left.
You didn't know any spells.
Your spell library contained the following spells:

 Spells                   Type           Power      Damage    Failure   Level
 Animate Skeleton         Necr           2%         N/A       95%         1
 Apportation              Tloc           2%         N/A       95%         1
 Corona                   Hex            1%         N/A       95%         1
 Summon Small Mammal      Summ           4%         N/A       95%         1


Dungeon Overview and Level Annotations

Branches:
Dungeon (2/15)

Altars:
Dithmenos

Shops:
D:1 [


Innate Abilities, Weirdness & Mutations

You have very sharp teeth.
Your uncanny sense of smell can sniff out nearby items.
Your experience applies equally to all skills.


Message History

You see here a rat corpse.
m - a wand of acid (10) Dithmenos weaves monsters from the shadows.
You barely miss the yak.
The yak bellows! x2
You hit the yak but do no damage. The yak gores you.
You block the yak's attack.
You closely miss the yak. The yak closely misses you.
You riposte.
You hit the yak but do no damage. The yak closely misses you.
You hit the yak.
The yak is lightly wounded.
The yak completely misses you.
You riposte.
You barely miss the yak. You bite the yak, but do no damage.
The yak is lightly wounded.
You block the yak's attack. The yak barely misses you. The yak gores you!
You hit the yak. You bite the yak, but do no damage.
The yak is lightly wounded.
The yak closely misses you.
You riposte.
You hit the yak but do no damage.
The yak is lightly wounded.
The yak completely misses you.
You riposte.
You hit the yak but do no damage. You completely miss the yak.
You bite the yak, but do no damage.
The yak is lightly wounded.
The yak gores you. The yak gores you!
You barely miss the yak.
The yak is lightly wounded.
You block the yak's attack. The yak gores you. x3
* * * LOW HITPOINT WARNING * * *
You hit the yak but do no damage.
The yak is lightly wounded.
The yak barely misses you.
You riposte.
You closely miss the yak.
The yak is lightly wounded.
You block the yak's attack.
Your shield and scale mail prevent you from hitting the yak.
The yak is lightly wounded.
The yak barely misses you. The yak gores you.
* * * LOW HITPOINT WARNING * * *
You barely miss the yak.
The yak is lightly wounded.
You block the yak's attack. The yak barely misses you. The yak gores you!
You die...

###############
#cY@Y.........#
#Y###########.#
# #.# #.# #.#
#.# #.# #.# #.#


You could see 3 yaks and a centaur (summoned).

Vanquished Creatures
  An adder (D:2)
  2 worms (D:2)
  A dart slug (D:2)
  2 bats
  5 endoplasms
  8 giant cockroaches (D:1)
  3 hobgoblins
  3 jackals (D:1)
  A quokka (D:1)
  2 ball pythons (D:1)
  A frilled lizard (D:2)
  7 goblins
  4 kobolds
  6 rats
46 creatures vanquished.

Notes
Turn   | Place    | Note
-------+----------+-------------------------------------------
     0 | D:1      | Admiral the Gnoll Fighter began the quest for the Orb.
     0 | D:1      | Reached XP level 1. HP: 23/23 MP: 1/1
   186 | D:1      | Reached XP level 2. HP: 29/29 MP: 2/2
   335 | D:1      | Found Meweip's Armour Emporium.
   481 | D:1      | Reached XP level 3. HP: 29/35 MP: 3/3
   641 | D:1      | Reached skill level 1 in Invocations
  1055 | D:2      | Found a faded altar of an unknown god.
  1066 | D:2      | Became a worshipper of Dithmenos the Shadowed
  1066 | D:2      | Reached * piety under Dithmenos
  1067 | D:2      | Fell from the grace of Dithmenos
  1076 | D:2      | Reached skill level 1 in Short Blades
  1076 | D:2      | Reached skill level 1 in Axes
  1076 | D:2      | Reached skill level 1 in Maces & Flails
  1076 | D:2      | Reached skill level 1 in Polearms
  1076 | D:2      | Reached skill level 1 in Staves
  1076 | D:2      | Reached skill level 1 in Slings
  1076 | D:2      | Reached skill level 1 in Bows
  1076 | D:2      | Reached skill level 1 in Crossbows
  1076 | D:2      | Reached skill level 1 in Throwing
  1076 | D:2      | Reached skill level 1 in Dodging
  1076 | D:2      | Reached skill level 1 in Stealth
  1076 | D:2      | Reached skill level 1 in Unarmed Combat
  1076 | D:2      | Reached skill level 1 in Spellcasting
  1076 | D:2      | Reached skill level 1 in Evocations
  1114 | D:2      | Reached XP level 4. HP: 41/41 MP: 5/5
  1335 | D:2      | Noticed a yak
  1335 | D:2      | Noticed a yak
  1335 | D:2      | Noticed a yak
  1335 | D:2      | Noticed a centaur
  1344 | D:2      | Slain by a yak

Illustrated notes

Levels and vault maps discovered:
D:1:      dpeg_arrival_prison, layout_rooms, serial_shops,
          nicolae_shop_statue_plus, minmay_curled_crystal,
          chequers_serial_rivers_micro_c, chequers_serial_rivers_room_a
D:2:      layout_loops_ring, ebering_ecumenical_altar_box, minmay_domino_4

Skill      XL: |  1  2  3 |
---------------+----------+-----
Invocations    | 1 |  1.1
Short Blades   | 1 |  1.0
Axes           | 1 |  1.0
Maces & Flails | 1 |  1.0
Polearms       | 1 |  1.0
Staves         | 1 |  1.0
Slings         | 1 |  1.0
Bows           | 1 |  1.0
Crossbows      | 1 |  1.0
Throwing       | 1 |  1.0
Dodging        | 1 |  1.0
Stealth        | 1 |  1.0
Unarmed Combat | 1 |  1.0
Spellcasting   | 1 |  1.0
Evocations     | 1 |  1.0
Fighting       | |  6.6
Long Blades    | |  4.6
Armour         | |  6.6
Shields        | |  6.6
Conjurations   | |  0.8
Hexes          | |  0.8
Summonings     | |  0.8
Necromancy     | |  0.8
Translocations | |  0.8
Transmutations | |  0.8
Fire Magic     | |  0.8
Ice Magic      | |  0.8
Air Magic      | |  0.8
Earth Magic    | |  0.8
Poison Magic   | |  0.8

Action                   |  1- 3 |  4- 6 || total
-------------------------+-------+-------++-------
Melee: Long sword        |   109 |    29 ||   138
       Bite              |     8 |     6 ||    14
Invok: Renounce Religion |     1 |       ||     1
Armor: Scale mail        |    39 |     3 ||    42
Dodge: Dodged            |    33 |    15 ||    48
Block: Kite shield       |    59 |    10 ||    69
       Rpst.: Long sword |     7 |     7 ||    14

Table legend: (Time is in decaauts)
 A = Elapsed time spent in this place.
 B = Non-inter-level travel time spent in this place.
 C = Inter-level travel time spent in this place.
 D = Time resting spent in this place.
 E = Time spent auto-exploring this place.
 F = Levels seen in this place.
 G = Mean time per level.
                   A        B        C        D        E       F      G
               +--------+--------+--------+--------+--------+-----+--------+
         Total |   1391 |   1349 |     42 |    216 |    621 |   2 |  695.5 |
       Dungeon |   1391 |   1349 |     42 |    216 |    621 |   2 |  695.5 |
               +--------+--------+--------+--------+--------+-----+--------+

Top non-repeatable levels by time:
     D:1: 864 daAuts
     D:2: 527 daAuts
